[Event "Swiss Championship U10 2022"]
[Site "Biel"]
[Date "2022.07.20"]
[Round "5.7"]
[White "Parmelin, Axel"]
[Black "Wilhelm, Marco"]
[Result "0-1"]
[ECO "C02"]
[WhiteElo "1298"]
[BlackElo "1332"]
[Annotator "NA RC COMBH"]
[PlyCount "170"]
[EventDate "2022.07.18"]
[EventType "swiss"]
[EventCountry "SUI"]
[SourceTitle "playchess.com"]
[Source "ChessBase"]
[SourceQuality "1"]
[TimeControl "5400+30"]

1. e4 e6 2. d4 d5 3. e5 c5 4. c3 Nc6 5. Nf3 Qb6 6. a3 Nge7 7. b4 cxd4 8. Nxd4 Nxe5 9. Bb5+ Bd7 10. Bxd7+ Nxd7 11. Be3 Qc7 12. Nd2 Nc6 13. N2f3 Nf6 14. O-O Bd6 15. Nb5 Qd7 16. Nxd6+ Qxd6 17. Qd2 Ne5 18. Bf4 Nxf3+ 19. gxf3 Qe7 20. Kh1 h6 21. Rg1 Qf8 22. Be3 b6 23. Qd3 Qe7 24. Rxg7 Rg8 25. Rxg8+ Nxg8 26. Qh7 Qf8 27. Rg1 Nf6 28. Qg7 Qxg7 29. Rxg7 Rc8 30. Bd4 Ke7 31. Rg3 Rb8 32. f4 a5 33. b5 Ne4 34. Rh3 Rc8 35. Rxh6 Nxc3 36. Bxb6 Nxb5 37. Bxa5 Ra8 38. Bb4+ Kd7 39. Rh7 Nd6 40. h4 Rg8 41. a4 Rb8 42. Bc3 Rb3 43. Be5 Ra3 44. Rh8 Rxa4 45. h5 d4 46. Kg2 d3 47. Bc3 Ne4 48. Kf3 Nxc3 49. Ke3 Nd5+ 50. Kd2 Ra2+ 51. Kxd3 Nxf4+ 52. Ke3 Nxh5 53. Rxh5 Ra3+ 54. Ke4 Ra4+ 55. Kf3 Rd4 56. Kg3 Rd5 57. Rh7 Ke7 58. Kg4 Rd4+ 59. Kg5 Re4 60. f4 Kf8 61. f5 Re5 62. Kf4 Rxf5+ 63. Kg4 Kg8 64. Rh3 Kg7 65. Rg3 Kg6 66. Kh4+ Kf6 67. Re3 e5 68. Kg4 Ke6 69. Rc3 Rf6 70. Rc6+ Ke7 71. Rc7+ Kf8 72. Rc5 Re6 73. Kf5 e4 74. Rc2 e3 75. Re2 Kg7 76. Kf4 Kg6 77. Rxe3 Rxe3 78. Kxe3 Kg5 79. Kf3 Kf5 80. Kg3 Ke4 81. Kf2 Kf4 82. Kg2 Ke3 83. Kg3 f5 84. Kg2 f4 85. Kf1 Kf3 0-1

[Event "Swiss Championship U10 2022"]
[Site "Biel"]
[Date "2022.07.20"]
[Round "5.8"]
[White "Gregor, Elena"]
[Black "Sunilkumar, Prathyush"]
[Result "1-0"]
[ECO "C42"]
[WhiteElo "1258"]
[BlackElo "1336"]
[Annotator "NA RC COMBH"]
[PlyCount "63"]
[EventDate "2022.07.18"]
[EventType "swiss"]
[EventCountry "SUI"]
[SourceTitle "playchess.com"]
[Source "ChessBase"]
[SourceQuality "1"]
[TimeControl "5400+30"]

1. e4 e5 2. Nf3 Nf6 3. Nxe5 d6 4. Nf3 Nxe4 5. Qe2 Qe7 6. d4 Bf5 7. Nc3 Nxc3 8. bxc3 Bxc2 9. Be3 Bf5 10. Qb5+ Bd7 11. Qxb7 Bc6 12. Bb5 Qd7 13. Bxc6 Qxc6 14. Qc8+ Ke7 15. Qg4 Nd7 16. O-O Nf6 17. Qg3 g6 18. Rfe1 Kd7 19. Qh3+ Kd8 20. Bg5 d5 21. Ne5 Qe6 22. Bxf6+ Kc8 23. Qxe6+ fxe6 24. Bxh8 Kb7 25. Rab1+ Ka6 26. Nd7 Bd6 27. Be5 Re8 28. Nc5+ Bxc5 29. dxc5 c6 30. c4 h6 31. Re3 h5 32. Ra3# 1-0

[Event "Swiss Championship U10 2022"]
[Site "Biel"]
[Date "2022.07.20"]
[Round "6.1"]
[White "Domschke, Mischa"]
[Black "Chockalingam, Vishak"]
[Result "1/2-1/2"]
[ECO "A13"]
[WhiteElo "1565"]
[BlackElo "1285"]
[Annotator "NA RC COMBH"]
[PlyCount "99"]
[EventDate "2022.07.18"]
[EventType "swiss"]
[EventCountry "SUI"]
[SourceTitle "playchess.com"]
[Source "ChessBase"]
[SourceQuality "1"]
[TimeControl "5400+30"]

1. c4 e6 2. Nc3 d5 3. cxd5 exd5 4. d3 Nf6 5. g3 Bf5 6. Bg2 c6 7. Bf4 Nbd7 8. Nf3 Bc5 9. d4 Bb6 10. O-O O-O 11. Na4 Bc7 12. Bxc7 Qxc7 13. Nc5 Nxc5 14. dxc5 Rfe8 15. Re1 h6 16. Qd4 Re4 17. Qd2 Bh7 18. Nd4 Re7 19. Bh3 Ne4 20. Qb4 a5 21. Qa3 Qe5 22. Nf3 Qf6 23. Rf1 Ng5 24. Nxg5 hxg5 25. e3 Bf5 26. Bg2 Qh6 27. Rae1 Rae8 28. Qxa5 Bd3 29. Qc3 Bxf1 30. Rxf1 Qf6 31. Qb4 g6 32. b3 Kg7 33. a4 Qf5 34. Qd4+ Qe5 35. Qg4 Qf5 36. Qd4+ f6 37. b4 Qd7 38. Rb1 Ra8 39. b5 Ree8 40. b6 Ra5 41. e4 Qe7 42. exd5 Qxc5 43. Qxc5 Rxc5 44. dxc6 bxc6 45. b7 Rb8 46. a5 Rxa5 47. Bxc6 Rc5 48. Bf3 Re5 49. h3 Re7 50. Rc1 1/2-1/2

[Event "Swiss Championship U10 2022"]
[Site "Biel"]
[Date "2022.07.20"]
[Round "6.2"]
[White "Saminskij, Jan"]
[Black "Kumar, Shreyank"]
[Result "1-0"]
[ECO "D11"]
[WhiteElo "1487"]
[BlackElo "1404"]
[Annotator "NA COMBH"]
[PlyCount "89"]
[EventDate "2022.07.18"]
[EventType "swiss"]
[EventCountry "SUI"]
[SourceTitle "playchess.com"]
[Source "ChessBase"]
[SourceQuality "1"]
[TimeControl "5400+30"]

1. Nf3 d5 2. d4 Nf6 3. g3 Bf5 4. Bg2 e6 5. O-O Be7 6. c4 c6 7. cxd5 cxd5 8. Nc3 Nbd7 9. Bf4 a6 10. h3 h6 11. a4 b6 12. Ne5 Nxe5 13. Bxe5 Bd6 14. f4 Rg8 15. g4 Bg6 16. f5 exf5 17. gxf5 Bh7 18. Bxf6 gxf6 19. Nxd5 Kd7 20. Qb3 Rb8 21. Kh1 b5 22. Rac1 Rg5 23. Qc3 Ke8 24. Qe3+ Kf8 25. axb5 Rxb5 26. Nc3 Rbxf5 27. Be4 Rxf1+ 28. Rxf1 Bxe4+ 29. Nxe4 Rg6 30. Qf3 Qd7 31. h4 h5 32. Rf2 Be7 33. e3 a5 34. Kh2 Qc7+ 35. Qf4 Qb7 36. Ng3 Qd5 37. Qb8+ Kg7 38. Nf5+ Kh7 39. Nxe7 Qe4 40. Nxg6 fxg6 41. Qf4 Qb7 42. Qxf6 Qb8+ 43. Qf4 Qa8 44. Qf7+ Kh6 45. Qf8+ 1-0

[Event "Swiss Championship U10 2022"]
[Site "Biel"]
[Date "2022.07.20"]
[Round "6.3"]
[White "Pahud, Kylian"]
[Black "Bhingare, Joshua"]
[Result "0-1"]
[ECO "C45"]
[WhiteElo "1373"]
[BlackElo "1342"]
[Annotator "NA RC COMBH"]
[PlyCount "110"]
[EventDate "2022.07.18"]
[EventType "swiss"]
[EventCountry "SUI"]
[SourceTitle "playchess.com"]
[Source "ChessBase"]
[SourceQuality "1"]
[TimeControl "5400+30"]

1. e4 e5 2. Nf3 Nc6 3. d4 exd4 4. Nxd4 Be7 5. Nc3 Nf6 6. Be2 O-O 7. O-O Nxd4 8. Qxd4 d6 9. Bf4 Be6 10. Rad1 Nd7 11. Qe3 Bf6 12. Nd5 Re8 13. Nxf6+ Nxf6 14. Qf3 Bg4 15. Qd3 Bxe2 16. Qxe2 Nxe4 17. Qf3 Qf6 18. Rfe1 Nc5 19. b4 Ne6 20. Bg3 Qxf3 21. gxf3 Ng5 22. Kg2 f6 23. h4 Nf7 24. b5 Ne5 25. Rd2 a6 26. Rde2 Kf7 27. a4 axb5 28. axb5 Nc4 29. Rxe8 Rxe8 30. Rxe8 Kxe8 31. c3 Na3 32. b6 Kd7 33. bxc7 Kxc7 34. Kf1 Nb1 35. c4 Nd2+ 36. Ke2 Nxc4 37. Kd1 b5 38. Kc2 Kc6 39. Kc3 Kc5 40. f4 b4+ 41. Kc2 Na5 42. h5 Kc4 43. f5 d5 44. h6 gxh6 45. Bh4 b3+ 46. Kb1 Kc3 47. Bxf6+ d4 48. Bxd4+ Kxd4 49. f6 Kc3 50. f7 Nc4 51. f8=Q Nd2+ 52. Kc1 b2+ 53. Kd1 b1=Q+ 54. Ke2 Qd3+ 55. Ke1 Qf1# 0-1

[Event "Swiss Championship U10 2022"]
[Site "Biel"]
[Date "2022.07.20"]
[Round "6.4"]
[White "Jordan, Christina"]
[Black "Lerner, David B"]
[Result "1-0"]
[ECO "B28"]
[WhiteElo "1367"]
[BlackElo "2125"]
[Annotator "TA"]
[PlyCount "106"]
[EventDate "2022.07.18"]
[EventType "swiss"]
[EventCountry "SUI"]
[SourceTitle "playchess.com"]
[Source "ChessBase"]
[SourceQuality "1"]
[TimeControl "5400+30"]

1. e4 c5 2. Nf3 a6 3. c3 e6 4. d4 d5 5. e5 Bd7 6. Bd3 Bb5 {[%emt 0:01:06] B28: Sicilian: 2 Nf3 a6 (O'Kelly Variation).} 7. Bc2 cxd4 8. cxd4 {[%emt 0:00:00] [#]} Qa5+ $146 (8... a5 $14) ({Predecessor:} 8... a5 9. Nc3 Ba6 10. a3 Nc6 11. h4 Nge7 12. h5 h6 13. g4 b5 14. a4 bxa4 15. Bxa4 {1-0 (40) Wagner,D (2584)-Glek,I (2476) Chess.com INT 2022}) 9. Nc3 Bb4 10. Bd2 Ne7 11. a3 (11. Nxb5 axb5 12. O-O Bxd2 13. Nxd2 (13. Qxd2 Qxd2 14. Nxd2 O-O $11) 13... Nbc6 $11) 11... Bxc3 12. bxc3 {[%emt 0:02:14][%cal Oc3c4] Hoping for c4!} Qc7 13. Qb1 (13. Ng5 $16) 13... Nf5 (13... Nd7 $11) 14. a4 $16 Bc4 15. Bxf5 exf5 16. Qxf5 Qd7 17. Qxd7+ Nxd7 18. Rb1 (18. Be3 $16) 18... b5 $14 19. a5 O-O 20. Be3 Rfe8 21. Nd2 Bd3 22. Rb2 f6 23. f4 g5 24. g3 (24. Nf3 {should be considered.}) 24... Rab8 (24... fxe5 $11 25. dxe5 (25. fxe5 Nxe5 26. dxe5 Rxe5 $15) 25... Nxe5 $1 26. fxe5 Rxe5) 25. Kf2 Rb7 26. h4 b4 $2 (26... gxf4 $11 {and Black stays safe.} 27. gxf4 Kf7) 27. Rxb4 (27. hxg5 $18 {and the rest is easy.} fxe5 28. dxe5) 27... Rxb4 $16 28. cxb4 Rb8 $2 (28... gxf4 $16 {was necessary.} 29. gxf4 Rc8) 29. hxg5 $18 fxg5 30. fxg5 Rf8+ (30... Nf8 $142 31. Rc1 Ne6) 31. Kg2 Bf5 $2 (31... Rc8 32. Rh6 Bg6) 32. Rh6 Bg6 33. Bf4 ({Not} 33. e6 Nb8 34. Nb3 Nc6 $18) 33... Rc8 $2 (33... Kf7 {is a better defense.} 34. Nf3 Rc8) 34. e6 Nb8 35. Kf3 $2 (35. Bxb8 $18 {has better winning chances.} Rxb8 36. e7) 35... Nc6 $16 36. Nb3 Re8 (36... Nxb4 $16 {was called for.} 37. Nc5 Nc6) 37. Nc5 $18 {[%emt 0:00:46] Strongly threatening Be5.} Nxd4+ 38. Kf2 Nxe6 39. Nxa6 {[%emt 0:02:22] b5 is the strong threat.} Nxf4 $2 (39... Nd4) 40. gxf4 {[%emt 0:01:52][%mdl 4096] Endgame KRB-KRN} d4 41. Nc5 {[%emt 0:05:59] aiming for b5.} d3 {[%emt 0:02:38] [#] And now ...d2 would win.} 42. Nxd3 Bxd3 {[%emt 0:01:02] KRB-KR} 43. Rb6 (43. Rd6 $1 $16 Bc4 44. Rc6) 43... Re2+ 44. Kf3 {[%emt 0:02:07][%mdl 1024] White has strong compensation.} Kf7 (44... Re1 $16 45. b5 h6) 45. b5 $2 (45. Rb7+ $18 Ke6 46. Rxh7 $3 ) 45... Rb2 {[%emt 0:01:10] [#]} (45... Ra2 $11 {keeps the balance.}) 46. Rb7+ (46. Rf6+ $1 $16 Ke7 47. b6 (47. a6 Bxb5 48. Ke4 Re2+ 49. Kd4 Ra2 $11)) 46... Ke6 (46... Kg6 $1 $11 {remains equal.}) 47. b6 $16 {[%emt 0:00:46] Black must now prevent Ke3.} Rb3 {[%emt 0:01:10] [#] ( -> ...Ba6+)} 48. Kf2 (48. Rb8 $1 $16) 48... Kd6 49. Rc7 Be4 50. Rc4 Rf3+ $2 (50... Bc6 $11 {and Black has nothing to worry.}) 51. Ke2 $18 Bd3+ (51... Bb7 $18 52. Ra4 Rb3) 52. Kxf3 {[%emt 0:00:16] Rd4+ would kill now.} Bxc4 53. Kg4 Kc5 {[%emt 0:02:14] Weighted Error Value: White=0.56/Black=0.82} 1-0

[Event "Swiss Championship U10 2022"]
[Site "Biel"]
[Date "2022.07.20"]
[Round "6.5"]
[White "Wilhelm, Marco"]
[Black "Rams, Vedha"]
[Result "1-0"]
[ECO "B01"]
[WhiteElo "1332"]
[BlackElo "1312"]
[Annotator "NA RC COMBH"]
[PlyCount "103"]
[EventDate "2022.07.18"]
[EventType "swiss"]
[EventCountry "SUI"]
[SourceTitle "playchess.com"]
[Source "ChessBase"]
[SourceQuality "1"]
[TimeControl "5400+30"]

1. e4 d5 2. exd5 Qxd5 3. Nc3 Qd8 4. Nf3 Nc6 5. Bc4 e5 6. d3 Be7 7. Bd2 Bg4 8. h3 Bh5 9. Qe2 Qd7 10. g4 Bg6 11. Nxe5 Nxe5 12. Qxe5 O-O-O 13. O-O-O Bf6 14. Qe3 Bd4 15. Qf3 h5 16. Ba6 c6 17. Bc4 f5 18. gxf5 Bxf5 19. Rde1 Kb8 20. Qg3+ Ka8 21. Qf3 Nf6 22. Ne2 Be5 23. Bc3 Rhe8 24. Bxe5 Rxe5 25. Nf4 Rde8 26. Rxe5 Rxe5 27. Kd1 g5 28. Nxh5 Qe7 29. Nxf6 Qxf6 30. Re1 a6 31. c3 Qh8 32. Rxe5 Qxe5 33. d4 Qe4 34. Qxe4 Bxe4 35. Be2 Bb1 36. a3 Kb8 37. Bg4 Kc7 38. Ke2 Be4 39. Ke3 Bg2 40. f4 gxf4+ 41. Kxf4 Bxh3 42. Bxh3 Kd6 43. Ke4 b6 44. c4 a5 45. a4 c5 46. b3 cxd4 47. Kxd4 Kc6 48. Bg2+ Kd6 49. Bd5 Kc7 50. Kc3 Kd6 51. Kd4 Kc7 52. c5 1-0

[Event "Swiss Championship U10 2022"]
[Site "Biel"]
[Date "2022.07.20"]
[Round "6.6"]
[White "Bachmann, Elias"]
[Black "Gong, Yansheng"]
[Result "1/2-1/2"]
[ECO "D37"]
[WhiteElo "1319"]
[BlackElo "1285"]
[Annotator "NA RC COMBH"]
[PlyCount "67"]
[EventDate "2022.07.18"]
[EventType "swiss"]
[EventCountry "SUI"]
[SourceTitle "playchess.com"]
[Source "ChessBase"]
[SourceQuality "1"]
[TimeControl "5400+30"]

1. d4 d5 2. c4 e6 3. Nc3 Be7 4. Bf4 Nf6 5. Nf3 O-O 6. e3 b6 7. Nb5 Bd6 8. Nxd6 cxd6 9. Rc1 Bb7 10. Bd3 Nbd7 11. Bxd6 Re8 12. O-O Ne4 13. cxd5 Nxd6 14. dxe6 Rxe6 15. Re1 Rc8 16. Rxc8 Qxc8 17. Ng5 Rh6 18. Qb3 Qc6 19. f3 Rh5 20. Ne4 Nxe4 21. Bxe4 Qc7 22. Bxb7 Qxb7 23. Qc4 Qb8 24. f4 g5 25. Qe2 Nf6 26. g3 Qc8 27. e4 Ng4 28. f5 Rxh2 29. Qxg4 Rxb2 30. Qxg5+ Kf8 31. Rc1 Rc2 32. Rd1 Rxa2 33. Qh6+ Ke8 34. Rc1 1/2-1/2

[Event "Swiss Championship U10 2022"]
[Site "Biel"]
[Date "2022.07.20"]
[Round "6.7"]
[White "Cavadini, Tommaso"]
[Black "Gregor, Elena"]
[Result "0-1"]
[ECO "C77"]
[WhiteElo "1290"]
[BlackElo "1258"]
[Annotator "NA RC COMBH"]
[PlyCount "42"]
[EventDate "2022.07.18"]
[EventType "swiss"]
[EventCountry "SUI"]
[SourceTitle "playchess.com"]
[Source "ChessBase"]
[SourceQuality "1"]
[TimeControl "5400+30"]

1. e4 e5 2. Nf3 Nc6 3. Bb5 a6 4. Ba4 b5 5. Bb3 Nf6 6. O-O Bc5 7. Nc3 d6 8. h3 h6 9. d3 g5 10. g4 Nxg4 11. Nxg5 hxg5 12. hxg4 Qf6 13. Bxg5 Qxg5 14. Qf3 f6 15. Nd5 Bxg4 16. Qg3 O-O-O 17. Ne3 Rh4 18. Nxg4 Qxg4 19. Be6+ Qxe6 20. Qxh4 Nd4 21. c3 Nf3+ 0-1

[Event "Swiss Championship U10 2022"]
[Site "Biel"]
[Date "2022.07.20"]
[Round "6.8"]
[White "Sunilkumar, Prathyush"]
[Black "Parmelin, Axel"]
[Result "1-0"]
[ECO "D07"]
[WhiteElo "1336"]
[BlackElo "1298"]
[Annotator "NA RC COMBH"]
[PlyCount "61"]
[EventDate "2022.07.18"]
[EventType "swiss"]
[EventCountry "SUI"]
[SourceTitle "playchess.com"]
[Source "ChessBase"]
[SourceQuality "1"]
[TimeControl "5400+30"]

1. d4 d5 2. c4 Nf6 3. Nf3 Bg4 4. Nc3 Nc6 5. Bf4 e6 6. a3 Bxf3 7. exf3 dxc4 8. Be3 e5 9. d5 Na5 10. Qa4+ Nc6 11. dxc6 Rb8 12. cxb7+ Nd7 13. Bxc4 Bd6 14. Qb3 Bc5 15. Bxf7+ Kf8 16. Bd5 Bd4 17. Qb4+ Bc5 18. Bxc5+ Ke8 19. O-O Qg5 20. Bxa7 Qd8 21. Bc6 Rf8 22. Rae1 Rf7 23. Re2 Rf6 24. Rxe5+ Kf7 25. Bd5+ Kg6 26. Rg5+ Kxg5 27. Qg4+ Kh6 28. Be3+ Rf4 29. Bxf4+ g5 30. Be3 Nf6 31. Qxg5# 1-0

[Event "Swiss Championship U10 2022"]
[Site "Biel"]
[Date "2022.07.21"]
[Round "7.1"]
[White "Domschke, Mischa"]
[Black "Jordan, Christina"]
[Result "0-1"]
[ECO "D00"]
[WhiteElo "1565"]
[BlackElo "1367"]
[Annotator "NA RC COMBH"]
[PlyCount "81"]
[EventDate "2022.07.18"]
[EventType "swiss"]
[EventCountry "SUI"]
[SourceTitle "playchess.com"]
[Source "ChessBase"]
[SourceQuality "1"]
[TimeControl "5400+30"]

1. d4 d5 2. Nc3 Nf6 3. Bf4 a6 4. e3 Nc6 5. Bd3 e6 6. a3 Bd6 7. Bg3 O-O 8. Nf3 Re8 9. Qd2 e5 10. dxe5 Nxe5 11. Nxe5 Bxe5 12. O-O-O c6 13. Bxe5 Rxe5 14. h3 b5 15. f4 Re7 16. g4 Nd7 17. Ne2 Qb6 18. Nd4 Nc5 19. f5 f6 20. Rde1 Ne4 21. Bxe4 Rxe4 22. Nf3 Bb7 23. g5 c5 24. Rhg1 Rae8 25. Qc3 d4 26. exd4 Rxe1+ 27. Rxe1 Rxe1+ 28. Qxe1 Kf8 29. gxf6 gxf6 30. dxc5 Qxc5 31. c3 Bxf3 32. Qd2 Qg1+ 33. Kc2 Qg2 34. Qxg2 Bxg2 35. Kd3 Bxh3 36. Ke4 Ke7 37. b3 Kd6 38. b4 h5 39. Kf4 h4 40. Ke4 Bxf5+ 41. Kd4 0-1

[Event "Swiss Championship U10 2022"]
[Site "Biel"]
[Date "2022.07.21"]
[Round "7.2"]
[White "Chockalingam, Vishak"]
[Black "Bhingare, Joshua"]
[Result "1-0"]
[ECO "B13"]
[WhiteElo "1285"]
[BlackElo "1342"]
[Annotator "NA RC COMBH"]
[PlyCount "107"]
[EventDate "2022.07.18"]
[EventType "swiss"]
[EventCountry "SUI"]
[SourceTitle "playchess.com"]
[Source "ChessBase"]
[SourceQuality "1"]
[TimeControl "5400+30"]

1. d4 d5 2. Bf4 Nf6 3. Nf3 c5 4. e3 cxd4 5. exd4 Nc6 6. c3 Bf5 7. Bd3 Bxd3 8. Qxd3 e6 9. Nbd2 Be7 10. O-O O-O 11. h3 h6 12. Rfe1 Rc8 13. Bh2 Bd6 14. Bxd6 Qxd6 15. Ne5 Qb8 16. Ndf3 Ne4 17. Nd7 Qd6 18. Nxf8 Rxf8 19. Nd2 Nxd2 20. Qxd2 Re8 21. Rad1 Na5 22. b3 Rc8 23. Re3 Nc6 24. Rg3 Ne7 25. Rf3 Ng6 26. Rg3 a5 27. c4 dxc4 28. Qxa5 Nf4 29. Kf1 e5 30. Qxe5 Qxe5 31. dxe5 c3 32. Rc1 c2 33. Re3 Kh7 34. g3 Nd5 35. Re2 Nb4 36. a3 Nc6 37. Rexc2 Re8 38. Rc5 Nd4 39. R1c3 Nc6 40. b4 Re6 41. f4 g6 42. b5 Nd4 43. a4 b6 44. Rc7 Kg7 45. Rd7 Nf5 46. Kf2 Re7 47. Rcc7 Kf8 48. Rb7 Rxd7 49. Rxd7 Ne7 50. Rd6 Ke8 51. Rxb6 Kd8 52. a5 Nc8 53. Rb7 Ke8 54. a6 1-0

[Event "Swiss Championship U10 2022"]
[Site "Biel"]
[Date "2022.07.21"]
[Round "7.3"]
[White "Wilhelm, Marco"]
[Black "Saminskij, Jan"]
[Result "0-1"]
[ECO "C47"]
[WhiteElo "1332"]
[BlackElo "1487"]
[Annotator "NA RC COMBH"]
[PlyCount "62"]
[EventDate "2022.07.18"]
[EventType "swiss"]
[EventCountry "SUI"]
[SourceTitle "playchess.com"]
[Source "ChessBase"]
[SourceQuality "1"]
[TimeControl "5400+30"]

1. e4 Nf6 2. Nc3 e5 3. Nf3 Nc6 4. d3 Bc5 5. h3 h6 6. Be2 d6 7. Bd2 Be6 8. Qc1 Nd4 9. Na4 Nxe2 10. Kxe2 Bb6 11. Nxb6 axb6 12. Be3 Qd7 13. Qd2 Qb5 14. Qc3 Nxe4 15. Qe1 Nc5 16. b4 e4 17. bxc5 exf3+ 18. Kxf3 bxc5 19. Kg3 O-O 20. Qd2 Kh7 21. Kh2 Bxa2 22. Raf1 Be6 23. f4 f5 24. Rhg1 Qd7 25. g3 Ra2 26. Qg2 h5 27. Kh1 c6 28. Qe2 g6 29. Qg2 Bd5 30. d4 Bxg2+ 31. Rxg2 Re8 0-1

[Event "Swiss Championship U10 2022"]
[Site "Biel"]
[Date "2022.07.21"]
[Round "7.4"]
[White "Kumar, Shreyank"]
[Black "Bachmann, Elias"]
[Result "1-0"]
[ECO "C55"]
[WhiteElo "1404"]
[BlackElo "1319"]
[Annotator "NA RC COMBH"]
[PlyCount "57"]
[EventDate "2022.07.18"]
[EventType "swiss"]
[EventCountry "SUI"]
[SourceTitle "playchess.com"]
[Source "ChessBase"]
[SourceQuality "1"]
[TimeControl "5400+30"]

1. e4 e5 2. Nf3 Nc6 3. Bc4 Nf6 4. d3 Bb4+ 5. c3 Ba5 6. O-O d5 7. exd5 Nxd5 8. Re1 O-O 9. Bxd5 Qxd5 10. b4 Bb6 11. c4 Qd8 12. c5 Nxb4 13. cxb6 axb6 14. Ba3 c5 15. Bxb4 cxb4 16. d4 exd4 17. Qxd4 Qc7 18. Nbd2 Rd8 19. Rac1 Qd7 20. Qxb6 Rxa2 21. Qxb4 Ra6 22. Qd4 Rd6 23. Qb4 h6 24. Qf4 Rf6 25. Qe4 Re6 26. Qb1 Rd6 27. Nc4 Rf6 28. Nb6 Qg4 29. h3 1-0

[Event "Swiss Championship U10 2022"]
[Site "Biel"]
[Date "2022.07.21"]
[Round "7.5"]
[White "Parmelin, Axel"]
[Black "Pahud, Kylian"]
[Result "0-1"]
[ECO "C64"]
[WhiteElo "1298"]
[BlackElo "1373"]
[Annotator "NA RC COMBH"]
[PlyCount "84"]
[EventDate "2022.07.18"]
[EventType "swiss"]
[EventCountry "SUI"]
[SourceTitle "playchess.com"]
[Source "ChessBase"]
[SourceQuality "1"]
[TimeControl "5400+30"]

1. e4 e5 2. Nf3 Nc6 3. Nc3 Bc5 4. Bb5 d6 5. O-O Nge7 6. d3 O-O 7. Bg5 Bd7 8. Nd5 f6 9. Bh4 Nxd5 10. Bc4 Kh8 11. Bxd5 Nb4 12. Bc4 Bg4 13. c3 Nc6 14. b4 Bb6 15. a4 a5 16. b5 Ne7 17. Qe2 Ng6 18. Bg3 f5 19. exf5 Bxf5 20. Bd5 c5 21. bxc6 bxc6 22. Bxc6 Rc8 23. Bb5 Rxc3 24. Rfd1 Rc7 25. d4 Bg4 26. Qd3 Bxf3 27. gxf3 Bxd4 28. f4 Bxa1 29. f5 Ne7 30. Rxa1 Nxf5 31. Rd1 Nxg3 32. hxg3 Rf6 33. Bc4 h6 34. Bb3 Qf8 35. Rf1 Rb7 36. Bc2 g5 37. Qe4 Qf7 38. Qd3 Rb8 39. Bb3 Rf3 40. Qxd6 Rbxb3 41. Qxh6+ Qh7 42. Qf8+ Rxf8 0-1

[Event "Swiss Championship U10 2022"]
[Site "Biel"]
[Date "2022.07.21"]
[Round "7.6"]
[White "Rams, Vedha"]
[Black "Sunilkumar, Prathyush"]
[Result "0-1"]
[ECO "B50"]
[WhiteElo "1312"]
[BlackElo "1336"]
[Annotator "NA RC COMBH"]
[PlyCount "78"]
[EventDate "2022.07.18"]
[EventType "swiss"]
[EventCountry "SUI"]
[SourceTitle "playchess.com"]
[Source "ChessBase"]
[SourceQuality "1"]
[TimeControl "5400+30"]

1. e4 c5 2. Nf3 Nc6 3. Bc4 d6 4. h3 g6 5. Ng5 e6 6. d3 Bg7 7. Nc3 Nf6 8. Bf4 O-O 9. O-O a6 10. Re1 b5 11. Bb3 Nh5 12. Be3 b4 13. Ne2 Bxb2 14. Rb1 Bf6 15. Qd2 Nd4 16. Ng3 Nxg3 17. fxg3 Nxb3 18. Rxb3 Bc3 19. Rxc3 bxc3 20. Qxc3 e5 21. Rf1 Be6 22. a3 Ra7 23. g4 Kg7 24. Qe1 h6 25. Nxe6+ fxe6 26. Rxf8 Qxf8 27. Qd2 Qh8 28. c3 h5 29. d4 Qc8 30. gxh5 Qe8 31. dxe5 dxe5 32. Bxc5 Rd7 33. Qe2 gxh5 34. Qxa6 Qf7 35. Bd6 Qf4 36. Qc6 Qc1+ 37. Kh2 Qf4+ 38. Kg1 Qe3+ 39. Kh2 Qf4+ 0-1

[Event "Swiss Championship U10 2022"]
[Site "Biel"]
[Date "2022.07.21"]
[Round "7.7"]
[White "Lerner, David B"]
[Black "Gregor, Elena"]
[Result "1-0"]
[ECO "B30"]
[WhiteElo "2125"]
[BlackElo "1258"]
[Annotator "NA RC"]
[PlyCount "63"]
[EventDate "2022.07.18"]
[EventType "swiss"]
[EventCountry "SUI"]
[SourceTitle "playchess.com"]
[Source "ChessBase"]
[SourceQuality "1"]
[TimeControl "5400+30"]

1. e4 c5 2. Nf3 Nc6 3. Bc4 e5 4. Nc3 Nf6 5. Ng5 d5 6. exd5 Na5 7. d3 Nxc4 8. dxc4 Bg4 9. f3 h6 10. Nge4 Nxe4 11. Nxe4 Bf5 12. Qe2 Qh4+ 13. g3 Qh5 14. Be3 Bxe4 15. fxe4 Qxe2+ 16. Kxe2 b6 17. Rhf1 f6 18. Rab1 a5 19. a4 g5 20. Rxf6 Rb8 21. Re6+ Kd7 22. Rxe5 Be7 23. Rf1 Kd6 24. Re6+ Kd7 25. Rf7 Rhe8 26. Rxh6 Kd8 27. Rg6 b5 28. cxb5 c4 29. Bxg5 Bxg5 30. Rxg5 Rc8 31. Rgg7 c3 32. Rd7# 1-0

[Event "Swiss Championship U10 2022"]
[Site "Biel"]
[Date "2022.07.21"]
[Round "7.8"]
[White "Gong, Yansheng"]
[Black "Cavadini, Tommaso"]
[Result "1-0"]
[ECO "B08"]
[WhiteElo "1285"]
[BlackElo "1290"]
[Annotator "NA RC COMBH"]
[PlyCount "87"]
[EventDate "2022.07.18"]
[EventType "swiss"]
[EventCountry "SUI"]
[SourceTitle "playchess.com"]
[Source "ChessBase"]
[SourceQuality "1"]
[TimeControl "5400+30"]

1. e4 d6 2. d4 Nf6 3. Nc3 g6 4. Nf3 Bg7 5. Bc4 O-O 6. Bf4 c6 7. a3 b5 8. Ba2 Qa5 9. Qd2 Bb7 10. Bh6 Nxe4 11. Nxe4 Qxd2+ 12. Bxd2 Nd7 13. O-O c5 14. d5 Nb6 15. Nc3 Bxc3 16. Bxc3 Bxd5 17. Bxd5 Nxd5 18. Rfe1 a6 19. Rad1 Nxc3 20. bxc3 Rfe8 21. Rd3 c4 22. Rd4 Rac8 23. Ree4 f5 24. Rh4 Kg7 25. Rh3 h6 26. Rd5 g5 27. Rg3 Kf6 28. Kf1 Rc5 29. Rxc5 dxc5 30. Ng1 Rd8 31. Re3 Rd1+ 32. Re1 Rxe1+ 33. Kxe1 e5 34. Ke2 e4 35. f3 exf3+ 36. Nxf3 f4 37. g3 g4 38. Ne1 Ke5 39. gxf4+ Kxf4 40. Ng2+ Ke4 41. Ne3 h5 42. Kf2 Kf4 43. Nd5+ Ke5 44. Nc7 1-0